 Dungeon Crawl Stone Soup version 0.22-a0-605-g9281fa2 (webtiles) character file.

4146 digijack the Covert (level 10, -3/86 HPs)
             Began as a Demonspawn Monk on July 8, 2018.
             Was an Elder of Dithmenos.
             Slain by a yak (15 damage)
             ... on level 9 of the Dungeon on July 9, 2018.
             The game lasted 01:08:11 (10279 turns).

digijack the Covert (Demonspawn Monk)              Turns: 10279, Time: 01:08:12

Health: -3/86      AC:  4    Str: 11    XL:     10   Next: 7%
Magic:  10/10      EV: 19    Int: 11    God:    Dithmenos [****..]
Gold:   433        SH:  0    Dex: 20    Spells: 9/9 levels left

rFire    . . .     SeeInvis .   a - +5 short sword
rCold    . . .     Gourm    .   (no shield)
rNeg     + . .     Faith    .   b - +1 robe
rPois    .         Spirit   .   h - +0 helmet
rElec    .         Reflect  .   (no cloak)
rCorr    +         Harm     .   n - +0 pair of gloves
MR       .....                  (no boots)
Stlth    +++++++++.             g - amulet of rage
HPRegen  0.24/turn              r - ring of positive energy
MPRegen  0.12/turn              e - ring of resist corrosion

@: wreathed by umbra
A: talons 1, repulsion field 1, deformed body, nightstalker 2, robust 1
a: Shadow Step, Renounce Religion, Evoke Berserk Rage


You were on level 9 of the Dungeon.
You worshipped Dithmenos.
Dithmenos was greatly pleased with you.
You were not hungry.

You visited 1 branch of the dungeon, and saw 9 of its levels.

You collected 433 gold pieces.

Inventory:

Hand Weapons
 a - a +5 short sword (weapon)
Armour
 b - a +1 robe (worn)
 h - a +0 helmet (worn)
 n - a +0 pair of gloves (worn)
Jewellery
 e - a ring of resist corrosion (right hand)
 g - an amulet of rage (around neck)
 q - an uncursed ring of flight
 r - a ring of positive energy (left hand)
Wands
 k - a wand of enslavement (8)
 p - a wand of flame (19)
 s - a wand of clouds (6)
Scrolls
 d - 7 scrolls of remove curse
 i - 3 scrolls of identify
 j - a scroll of teleportation
 o - 3 scrolls of blinking
Potions
 f - a potion of heal wounds
 l - a potion of flight
 m - 2 potions of agility
Comestibles
 c - 13 rations


   Skills:
 + Level 7.5 Fighting
 + Level 6.8 Short Blades
 + Level 6.9 Dodging
 + Level 8.6 Stealth


You had 9 spell levels left.
You didn't know any spells.
Your spell library contained the following spells:

 Spells                   Type           Power        Failure   Level  Hunger
 Apportation              Tloc           #.....       34%         1    ##.....
 Summon Small Mammal      Summ           #...         34%         1    ##.....
 Animate Skeleton         Necr           N/A          34%         1    ##.....
 Summon Ice Beast         Ice/Summ       #.......     98%         4    #####..
 Call Imp                 Summ           #.......     47%         2    ###....
 Spider Form              Tmut/Pois      #.........   71%         3    ####...
 Blade Hands              Tmut           #.........   100%        5    ######.
 Ice Form                 Ice/Tmut       #.......     98%         4    #####..
 Confusing Touch          Hex            #.....       34%         1    ##.....
 Sticks to Snakes         Tmut           #.......     47%         2    ###....
 Call Canine Familiar     Summ           #.......     71%         3    ####...
 Beastly Appendage        Tmut           #.....       34%         1    ##.....
 Summon Lightning Spire   Summ/Air       #.......     98%         4    #####..
 Summon Guardian Golem    Hex/Summ       #.......     71%         3    ####...


Dungeon Overview and Level Annotations

Branches:
Dungeon (9/15)             Temple (0/1) D:7             Orc (0/2) D:9
   Lair: D:8-11

Altars:
Ashenzari
Dithmenos
Makhleb
Okawaru
Ru
Uskayaw


Innate Abilities, Weirdness & Mutations

You have sharp toenails.
You are surrounded by a mild repulsion field. (EV +2)
You are significantly more attuned to the shadows.
Armour fits poorly on your strangely shaped body.
You are robust. (+10% HP)


Message History

Dithmenos accepts your kill.
You hit the yak.
The yak is heavily wounded.
The yak completely misses you.
You hit the yak. You claw the yak, but do no damage.
The yak is heavily wounded.
You hit the yak. Your kick misses the yak.
The yak is severely wounded.
The yak gores you!
* * * LOW HITPOINT WARNING * * *
You hit the yak. You claw the yak, but do no damage.
The yak is severely wounded.
The yak completely misses you.
You hit the yak but do no damage. You claw the yak.
The yak is almost dead.
The yak barely misses you.
You barely miss the yak. You claw the yak, but do no damage.
The yak is almost dead.
The yak gores you!
You die...

#......# ##.# #......# #..#
.#####......# #.## .....'....<.#
##.# ######......# #..# #......#
#.## ###'#### #..# #(# #<.## #@#
#...# #####'#### ##Y#### ####...#
...).....# ###.Y...# #..#...#
.........# ##.'..)..# ###.##...##
.....)...###..#.....###.'##.....#
.........##..##.....'...##.......
.........#..###.....######.......
.........'.## #.....# #≈.≈≈≈≈≈≈
....>....### #.....# #≈≈.≈≈.≈≈


You could see 2 yaks.

Vanquished Creatures
  A queen bee (D:8)
  A hippogriff (D:9)
  2 yaks (D:9)
  The ghost of Hebeh the Magician, an amateur DEFE (D:3)
  4 orc warriors (D:9)
  An ice beast (D:9)
  A necrophage (D:7)
  A phantom (D:6)
  A centaur (D:9)
  3 ogres
  2 bullfrogs
  10 killer bees (D:8)
  3 scorpions
  6 howler monkeys
  3 wights (D:6)
  3 crimson imps (D:5)
  3 jellies
  A bullfrog zombie (D:5)
  7 orc priests
  A centaur zombie (D:7)
  3 hounds
  5 orc wizards
  4 bullfrog skeletons
  2 centaur skeletons
  An iguana (D:4)
  5 worker ants
  A killer bee zombie (D:7)
  3 hound skeletons
  Robin (D:2)
  10 adders
  5 gnolls
  2 shadow imps
  An ooze (D:2)
  2 adder zombies
  2 worms (D:3)
  3 dart slugs
  9 leopard geckos
  23 orcs
  12 bats
  12 giant cockroaches
  12 goblins
  5 hobgoblins
  7 jackals
  2 quokkas
  2 ball pythons (D:1)
  A ball python skeleton (D:3)
  4 frilled lizards
  4 kobolds
  A leopard gecko zombie (D:5)
  7 rats
206 creatures vanquished.

Vanquished Creatures (collateral kills)
  2 killer bees (D:8)
  An orc priest (D:7)
3 creatures vanquished.

Vanquished Creatures (others)
  2 killer bees (D:8)
  3 orcs (D:5)
5 creatures vanquished.

Grand Total: 214 creatures vanquished

Notes
Turn   | Place    | Note
-------+----------+-------------------------------------------
     0 | D:1      | digijack the Demonspawn Monk began the quest for the Orb.
     0 | D:1      | Reached XP level 1. HP: 18/18 MP: 1/1
   128 | D:1      | Reached skill level 2 in Stealth
   212 | D:1      | Gained mutation: You are slightly more attuned to the shadows. [demonic ancestry]
   212 | D:1      | Reached XP level 2. HP: 24/24 MP: 2/2
  1161 | D:2      | Reached XP level 3. HP: 29/29 MP: 3/3
  1652 | D:2      | Reached XP level 4. HP: 34/35 MP: 4/4
  1685 | D:2      | Noticed Robin
  1689 | D:2      | Reached skill level 3 in Stealth
  1704 | D:2      | Killed Robin
  2428 | D:3      | Gained mutation: You have sharp toenails. [demonic ancestry]
  2428 | D:3      | Reached XP level 5. HP: 40/42 MP: 5/5
  3027 | D:3      | Found a burning altar of Makhleb.
  3031 | D:3      | Found a shattered altar of Ashenzari.
  3041 | D:3      | Found a shadowy altar of Dithmenos.
  3043 | D:3      | Found an iron altar of Okawaru.
  3053 | D:3      | Found a sacrificial altar of Ru.
  3067 | D:3      | Became a worshipper of Dithmenos the Shadowed
  3067 | D:3      | Reached * piety under Dithmenos
  3067 | D:3      | Reached ** piety under Dithmenos
  3122 | D:3      | Reached skill level 4 in Stealth
  3153 | D:3      | Reached XP level 6. HP: 40/48 MP: 6/6
  3344 | D:3      | Gained mutation: Armour fits poorly on your strangely shaped body. [potion of mutation]
  3344 | D:3      | Gained mutation: You are robust. (+10% HP) [potion of mutation]
  3348 | D:3      | Found a runed door.
  3349 | D:3      | Noticed Hebeh's ghost (amateur DEFE)
  3368 | D:3      | Killed Hebeh's ghost
  4142 | D:4      | Gained mutation: You are surrounded by a mild repulsion field. (EV +2) [demonic ancestry]
  4142 | D:4      | Reached XP level 7. HP: 60/60 MP: 7/7
  4206 | D:4      | Found Oray's General Store.
  4257 | D:4      | Reached skill level 5 in Stealth
  4263 | D:4      | Found a hide-covered altar of Uskayaw.
  4486 | D:5      | Entered Level 5 of the Dungeon
  5271 | D:5      | Reached *** piety under Dithmenos
  5387 | D:5      | Reached skill level 5 in Fighting
  5524 | D:5      | Reached skill level 6 in Stealth
  5550 | D:5      | Gained mutation: You are significantly more attuned to the shadows. [demonic ancestry]
  5550 | D:5      | Reached XP level 8. HP: 58/68 MP: 8/8
  6180 | D:6      | Reached skill level 5 in Short Blades
  6180 | D:6      | Reached skill level 5 in Dodging
  6844 | D:6      | Reached skill level 7 in Stealth
  7226 | D:7      | Reached **** piety under Dithmenos
  7836 | D:7      | Reached XP level 9. HP: 65/75 MP: 9/9
  8146 | D:7      | Found a staircase to the Ecumenical Temple.
  8425 | D:8      | Noticed a queen bee
  8876 | D:8      | HP: 3/78 [killer bee (8)]
  9262 | D:8      | Killed a queen bee
  9262 | D:8      | Reached skill level 8 in Stealth
  9778 | D:9      | Found a staircase to the Orcish Mines.
 10231 | D:9      | Reached XP level 10. HP: 86/86 MP: 10/10
 10279 | D:9      | Slain by a yak

Vault maps used:
D:1:      lemuel_arrival_room
D:2:      first_ration, kennysheep_generic_room_5, uniq_robin
D:3:      chequers_temple_overflow_minitemple, ebering_ghost_inner_flame
D:4:      cheibrodos_quashed, marbit_many_paths, serial_shops, shop
D:6:      hangedman_decor_opposing
D:7:      minmay_temple_entry_from_below_a
D:8:      david_nohive_1
D:9:      david_orc_2, nicolae_underground_beach

Skill      XL: |  1  2  3  4  5  6  7  8  9 |
---------------+----------------------------+-----
Stealth        | 2 3 4 6 7 8 |  8.6
Short Blades   | 3 4 5 6 |  6.8
Dodging        | 3 4 5 6 |  6.9
Fighting       | 4 5 6 7 |  7.5

Action                   |  1- 3 |  4- 6 |  7- 9 | 10-12 || total
-------------------------+-------+-------+-------+-------++-------
Melee: Short sword       |   139 |   184 |   461 |    34 ||   818
       Kick              |       |    28 |   158 |    19 ||   205
 Abil: Evoke Berserk Rag |     1 |     2 |     2 |       ||     5
Evoke: Wand              |       |       |    13 |       ||    13
  Use: Scroll            |     7 |     3 |     9 |       ||    19
       Potion            |     4 |     5 |     5 |       ||    14
 Stab: Sleeping          |     9 |     9 |    19 |       ||    37
       Distracted        |       |     1 |     7 |       ||     8
       Confused          |       |       |     1 |       ||     1
  Eat: Chunk             |     3 |     7 |     7 |       ||    17
       Ration            |       |     1 |     4 |       ||     5
Armor: Robe              |    16 |    20 |    27 |     1 ||    64
Dodge: Dodged            |    85 |   112 |   380 |    24 ||   601

Table legend:
 A = Spawn XP
 B = Non-spawn XP
 C = Spawn XP percentage of total XP
 D = Spawn monster count
 E = Non-spawn monster count
 F = Spawn count percentage of total count
 G = Total turns spent on level
                    A         B        C        D         E        F      G
               +---------+---------+-------+---------+---------+-------+---------
         Total |       0 |    5923 |   0.0 |       0 |     210 |   0.0 | 10279
               +---------+---------+-------+---------+---------+-------+---------
           D:1 |       0 |      36 |   0.0 |       0 |      21 |   0.0 |  1047
           D:2 |       0 |     146 |   0.0 |       0 |      30 |   0.0 |  1379
           D:3 |       0 |     373 |   0.0 |       0 |      33 |   0.0 |  1307
           D:4 |       0 |     215 |   0.0 |       0 |      13 |   0.0 |   755
           D:5 |       0 |     739 |   0.0 |       0 |      31 |   0.0 |  1325
           D:6 |       0 |     895 |   0.0 |       0 |      24 |   0.0 |  1395
           D:7 |       0 |     612 |   0.0 |       0 |      14 |   0.0 |  1112
           D:8 |       0 |    1108 |   0.0 |       0 |      18 |   0.0 |  1332
           D:9 |       0 |    1799 |   0.0 |       0 |      26 |   0.0 |   627
               +---------+---------+-------+---------+---------+-------+---------
